 Dungeon Crawl Stone Soup version 0.24-b1 (webtiles) character file.

Game seed: 397847779255868176, levelgen mode: deterministic

6331 SMRT the Swashbuckler (level 11, -6/68 HPs)
             Began as a Kobold Hunter on Oct 13, 2019.
             Was an Elder of Okawaru.
             Mangled by an orc warrior
             ... wielding a +0 halberd
              (20 damage)
             ... on level 9 of the Dungeon.
             The game lasted 00:29:06 (13211 turns).

SMRT the Swashbuckler (Kobold Hunter)              Turns: 13211, Time: 00:29:06

Health: -6/68      AC: 11    Str:  9    XL:     11   Next: 16%
Magic:  11/11      EV: 13    Int: 16    God:    Okawaru [****..]
Gold:   395        SH:  0    Dex: 16    Spells: 10/10 levels left

rFire    . . .     SeeInvis .   b - +1 short sword (venom)
rCold    . . .     Gourm    .   (shield restricted)
rNeg     . . .     Faith    .   J - +2 scale mail {rPois}
rPois    +         Spirit   .   j - +0 helmet
rElec    .         Reflect  .   (no cloak)
rCorr    .         Harm     .   y - +0 pair of gloves
MR       .....                  (no boots)
Stlth    +.........             (no amulet)
HPRegen  0.21/turn              l - ring of wizardry
MPRegen  0.12/turn              (no ring)

@: no status effects
A: small, carnivore
a: Heroism, Renounce Religion


You were on level 9 of the Dungeon.
You worshipped Okawaru.
Okawaru was greatly pleased with you.
You were very full.

You visited 2 branches of the dungeon, and saw 10 of its levels.

You collected 604 gold pieces.
You spent 209 gold pieces at shops.

Inventory:

Hand Weapons
 a - a +1 hand crossbow
 b - a +1 short sword of venom (weapon)
 k - a +0 short sword
 o - a +1 short sword of draining
Missiles
 d - 75 bolts
 g - 92 stones
 A - 31 poisoned darts
 O - a throwing net (quivered)
Armour
 j - a +0 helmet (worn)
 t - a +1 chain mail of magic resistance
 y - a +0 pair of gloves (worn)
 B - a +2 leather armour of cold resistance
 C - a +0 shield
 J - a +2 scale mail of poison resistance (worn)
Jewellery
 l - a ring of wizardry (left hand)
 D - an uncursed amulet of rage
Wands
 E - a wand of random effects (22)
 M - a wand of iceblast (6)
Scrolls
 e - 4 scrolls of remove curse
 p - 2 scrolls of immolation {unknown}
 r - a scroll of amnesia
 s - 2 scrolls of teleportation
 u - a scroll of identify
 w - a scroll of enchant armour
 x - 3 scrolls of blinking
 F - a scroll of fear
 G - a scroll of random uselessness {unknown}
 H - a scroll of enchant weapon {unknown}
 N - a scroll of magic mapping {unknown}
Potions
 c - a potion of berserk rage {unknown}
 h - 3 potions of haste
 i - 2 potions of lignification {unknown}
 m - a potion of invisibility {unknown}
 n - a potion of magic {unknown}
 q - a potion of degeneration {unknown}
 v - a potion of mutation {unknown}
 z - 2 potions of flight {unknown}
 L - a potion of brilliance {unknown}
Comestibles
 f - 12 rations


   Skills:
 + Level 8.1 Fighting
 - Level 15.4 Short Blades
 - Level 4.8 Crossbows
 + Level 4.4 Armour
 - Level 5.9 Dodging
 - Level 1.3 Stealth


You had 10 spell levels left.
You didn't know any spells.
Your spell library contained the following spells:

 Spells                   Type           Power        Failure   Level  Hunger
 Corona                   Hex            #......      54%         1    ##.....
 Ensorcelled Hibernation  Hex/Ice        #.....       69%         2    ###....
 Confuse                  Hex            #.......     88%         3    ####...
 Dazzling Spray           Conj/Hex       #.....       88%         3    ####...
 Tukima's Dance           Hex            #.......     88%         3    ####...


Dungeon Overview and Level Annotations

Branches:
Dungeon (9/15)             Temple (1/1) D:5            Lair (0/6) D:8
    Orc: D:9-12

Altars:
Cheibriados
Elyvilon
Gozag
Hepliaklqana
Kikubaaqudgha
Makhleb
Nemelex Xobeh
Okawaru
Ru
Trog
Vehumet
Wu Jian
Xom
Yredelemnul
Zin

Shops:
D:7 [   D:8 *!

Annotations:
D:4 2 transporters, ViolentOr's ghost, novice GnWz


Innate Abilities, Weirdness & Mutations

You are small and have problems with some larger weapons.
You are carnivorous and can eat meat at any time.


Message History

The orc warrior is moderately wounded.
The orc warrior barely misses you.
You barely miss the orc warrior.
The orc warrior is moderately wounded.
The orc warrior closely misses you.
The orc warrior hits you with a +0 halberd!
You hit the orc warrior but do no damage.
The orc warrior looks as sick as possible!
The orc warrior is severely wounded.
You hit the orc warrior.
The orc warrior looks as sick as possible!
The orc warrior is almost dead.
The orc warrior hits you with a +0 halberd!
* * * LOW HITPOINT WARNING * * *
You closely miss the orc warrior.
The orc warrior is almost dead.
You hit the orc warrior.
The orc warrior is almost dead.
The orc warrior hits you with a +0 halberd!!
You die...

#################################
#...............@o{o.............
#.####################...........
#.# #........$.. #.# #...........
#.# #.......oo.. #.# #...........
#.# #...........
#.####################...........
#................................


You could see an orc warrior and an orc.

Vanquished Creatures
  Harold (D:8)
  2 two-headed ogres (D:8)
  Pikel (D:5)
  A hornet (D:8)
  A hippogriff (D:8)
  3 wyverns
  A basilisk (D:8)
  A hungry ghost (D:8)
  Menkaure (D:4)
  An acid dragon (D:8)
  A black bear (D:6)
  A hornet zombie (D:9)
  An orc warrior (D:8)
  2 sky beasts
  An ice beast (D:8)
  2 slaves
  2 phantoms
  2 ogres
  A centaur (D:7)
  A crocodile (D:8)
  A bullfrog (D:6)
  A gnoll sergeant (D:7)
  2 scorpions
  4 killer bees (D:7)
  A howler monkey (D:7)
  A crimson imp (D:8)
  A centaur zombie (D:6)
  8 orc priests
  A jelly (D:7)
  A hound (D:7)
  3 centaur skeletons
  An iguana (D:4)
  Natasha (thrice) (D:2)
  7 orc wizards
  4 worker ants
  A hound skeleton (D:7)
  A worker ant zombie (D:5)
  13 gnolls
  5 adders
  A shadow imp (D:6)
  An ooze (D:2)
  An adder skeleton (D:6)
  2 worms
  5 dart slugs
  4 leopard geckos
  29 orcs
  7 bats
  2 giant cockroaches
  6 goblins
  7 hobgoblins
  16 jackals
  3 quokkas
  3 ball pythons
  8 frilled lizards
  8 kobolds
  A leopard gecko skeleton (D:7)
  4 rats
194 creatures vanquished.

Vanquished Creatures (others)
  A slave (D:6)
  2 ice beasts (D:6)
  A hound (D:6)
4 creatures vanquished.

Grand Total: 198 creatures vanquished

Notes
Turn   | Place    | Note
-------+----------+-------------------------------------------
     0 | D:1      | SMRT the Kobold Hunter began the quest for the Orb.
     0 | D:1      | Reached XP level 1. HP: 12/12 MP: 1/1
   212 | D:1      | Reached XP level 2. HP: 18/18 MP: 2/2
   613 | D:1      | Reached XP level 3. HP: 23/23 MP: 3/3
  1554 | D:2      | Noticed Natasha
  1556 | D:2      | Killed Natasha
  1556 | D:2      | Reached XP level 4. HP: 29/29 MP: 4/4
  1698 | D:2      | Found a basalt altar of Yredelemnul.
  2023 | D:2      | Noticed Natasha
  2033 | D:2      | Killed Natasha
  2033 | D:2      | Reached XP level 5. HP: 11/33 MP: 5/5
  2428 | D:2      | Noticed Natasha
  2644 | D:2      | Killed Natasha
  2822 | D:2      | Found a white marble altar of Elyvilon.
  2941 | D:3      | Found a hazy altar of Hepliaklqana.
  2943 | D:3      | Found a sparkling altar of Nemelex Xobeh.
  2943 | D:3      | Found an ornate altar of the Wu Jian Council.
  3286 | D:2      | Reached skill level 5 in Dodging
  3543 | D:2      | Reached XP level 6. HP: 6/40 MP: 6/6
  3914 | D:3      | Reached skill level 5 in Fighting
  4604 | D:4      | Reached skill level 1 in Short Blades
  4604 | D:4      | Reached XP level 7. HP: 26/44 MP: 7/7
  4737 | D:4      | Noticed Menkaure
  4851 | D:4      | Killed Menkaure
  4851 | D:4      | Reached skill level 3 in Short Blades
  4982 | D:3      | Reached skill level 4 in Short Blades
  5173 | D:4      | Reached skill level 5 in Short Blades
  5356 | D:4      | Noticed ViolentOr's ghost (novice GnWz)
  5357 | D:4      | Found a transporter.
  5359 | D:4      | Found a transporter.
  5359 | D:4      | Identified the cursed +1 great mace of the Silent Majority
                  | {protect, *Noise rF++ MR+ Stlth+}
  5607 | D:5      | Entered Level 5 of the Dungeon
  6041 | D:5      | Reached skill level 6 in Short Blades
  6169 | D:5      | Found a staircase to the Ecumenical Temple.
  6184 | Temple   | Entered the Ecumenical Temple
  6185 | Temple   | Reached XP level 8. HP: 50/50 MP: 8/8
  6444 | Temple   | Became a worshipper of Warmaster Okawaru
  6710 | D:5      | Reached skill level 7 in Short Blades
  7064 | D:6      | Noticed Pikel
  7224 | D:5      | Killed Pikel
  7224 | D:5      | Reached * piety under Okawaru
  7224 | D:5      | Reached skill level 10 in Short Blades
  7507 | D:6      | Reached XP level 9. HP: 54/54 MP: 9/9
  7548 | D:6      | Reached skill level 11 in Short Blades
  8225 | D:6      | Reached ** piety under Okawaru
  8627 | D:7      | Reached skill level 12 in Short Blades
  9399 | D:7      | Reached skill level 13 in Short Blades
  9820 | D:7      | Found Omusm's Armour Emporium.
  9845 | D:7      | Bought a +2 leather armour of cold resistance for 209 gold
                  | pieces
 10489 | D:8      | Noticed Harold
 10522 | D:8      | Killed Harold
 10522 | D:8      | Reached *** piety under Okawaru
 10522 | D:8      | Reached skill level 15 in Short Blades
 10522 | D:8      | Reached XP level 10. HP: 40/59 MP: 10/10
 10998 | D:8      | Found Yblo's Distillery.
 11011 | D:8      | Noticed a two-headed ogre
 11049 | D:8      | Killed a two-headed ogre
 11049 | D:8      | Received a gift from Okawaru
 11049 | D:8      | Reached skill level 1 in Armour
 11740 | D:8      | Reached **** piety under Okawaru
 12072 | D:8      | Found a staircase to the Lair.
 12455 | D:8      | Found Bauptaj's Assorted Antiques.
 12472 | D:8      | Noticed a two-headed ogre
 12501 | D:8      | Killed a two-headed ogre
 12501 | D:8      | Reached XP level 11. HP: 68/68 MP: 11/11
 13211 | D:9      | Mangled by an orc warrior

Skill      XL: |  1  2  3  4  5  6  7  8  9 10 11 |
---------------+----------------------------------+-----
Dodging        | 3 4 5 |  5.9
Fighting       | 3 4 5 7 8 |  8.1
Short Blades   | 1 6 10 15 | 15.4
Armour         | 3 4 |  4.4
Crossbows      | |  4.8
Stealth        | |  1.3

Action                   |  1- 3 |  4- 6 |  7- 9 | 10-12 || total
-------------------------+-------+-------+-------+-------++-------
Melee: Short sword       |    79 |   185 |   565 |   215 ||  1044
 Fire: Hand crossbow     |    21 |    52 |    25 |       ||    98
Throw: Throwing net      |       |       |     2 |     1 ||     3
       Dart              |       |       |       |     4 ||     4
Invok: Heroism           |       |       |       |     1 ||     1
Evoke: Wand              |       |       |     1 |     4 ||     5
  Use: Potion            |     2 |     1 |       |       ||     3
       Scroll            |       |     6 |     1 |       ||     7
 Stab: Sleeping          |     1 |     1 |       |       ||     2
       Held in net/web   |       |       |     2 |     2 ||     4
  Eat: Chunk             |     2 |    13 |    21 |    13 ||    49
       Ration            |       |     1 |       |     1 ||     2
Armor: Leather armour    |    18 |    35 |    55 |     4 ||   112
       Scale mail        |       |       |       |    44 ||    44
Dodge: Dodged            |    61 |   161 |   328 |    68 ||   618
